Map: Astillero orbital

Players

xXkazperXx - Winner!

  • Race: Zerg Zerg
  • League: Bronze

RANURA DE IA (Muy fácil)

  • Race: Terran Terran

VOD

Have the link to the VOD?

Description

Time

  • Played on: April 2, 2016, 11:43 p.m.
  • Length: 4:21
Show
View Real Time Build Order
Export as new Build Order

xXkazperXx Zerg - Winner!

Build Orders: Pool Only 

Get SALT Encoding   

  12  0:01  Drone  
  13  0:11  Drone  
  14  0:27  Spawning Pool  
  13  0:29  Drone  
  14  0:39  Extractor  
  13  0:50  Overlord  
  13  0:55  Drone  
  14  1:14  Queen  
  14  1:15  Zergling x6  
  19  1:37  Zergling x2  
  19  1:38  Zergling x2  
  21  1:45  Metabolic Boost  
  21  1:58  Zergling x2  
  22  2:08  Overlord  
  22  2:22  Zergling x2, Extractor  
  22  2:27  Zergling x6  
  22  2:28  Zergling x2, Roach Warren  
  25  3:07  Zergling x6  
  27  3:17  Lair  
Show
View Real Time Build Order
Export as new Build Order

RANURA DE IA (Muy fácil) Terran 

Build Orders: Reaper Expand 

Get SALT Encoding   

  12  0:00  SCV  
  13  0:13  SCV  
  14  0:19  Supply Depot  
  14  0:46  Barracks  
  14  1:05  Command Center  
  14  1:31  Supply Depot  
  14  1:35  Orbital Command  
  14  1:36  Marine, Refinery  
  15  1:48  Refinery  
  15  2:00  SCV  
  16  2:12  SCV  
  17  2:16  Reaper  
  17  2:18  SCV  
  19  2:25  SCV  
  20  2:32  SCV  
  21  2:39  SCV  
  22  2:45  Refinery  
  22  2:47  SCV  
  22  2:54  SCV  
  23  3:01  SCV  
  21  3:07  Marine  
  21  3:09  SCV  
  15  3:16  SCV  
  11  3:23  SCV, Refinery  
  11  3:30  SCV  
  10  3:44  SCV  
  11  3:56  SCV  
Tags
 
Add a new tag
Caveats
  • Supply blocks, unpowered buildings, or Contaminate may cause inaccurate times.
  • Supply counts are checked every 10 seconds.